 Dungeon Crawl Stone Soup version 0.17-a0-1691-g18a3847 (console) character file.

2633 lauthentik the Cudgeler (level 9, 0/69 HPs)
             Began as a Demonspawn Artificer on Aug 20, 2015.
             Was an Initiate of Nemelex Xobeh.
             Slain by Erica
             ... wielding a +1 scimitar of flaming
              (1 damage)
             ... on level 8 of the Dungeon.
             The game lasted 00:57:54 (7194 turns).

lauthentik the Cudgeler (Demonspawn Artificer)      Turns: 7194, Time: 00:58:01

Health: 0/69       AC: 20    Str: 14    XL:     9   Next: 35%
Magic:  11/11      EV:  5    Int: 14    God:    Nemelex Xobeh [......]
Gold:   268        SH:  4    Dex: 14    Spells: 0 memorised, 8 levels left

rFire  + . .     SeeInvis .     k - +3 flail (protect)
rCold  + . .     Clarity  .     b - +0 plate armour
rNeg   . . .     SustAt   .     M - +0 buckler
rPois  +         Gourm    .     (no helmet)
rElec  +         Spirit   .     (no cloak)
rCorr  +         Warding  .     (no gloves)
rMut   .         Stasis   .     s - +0 pair of boots
MR     .....                    Z - amulet of resist corrosion
Stlth  ..........               (no ring)
                                (no ring)

@: resistant (expiring), not resistant to hostile enchantments, extremely
unstealthy
A: claws 2, yellow scales 1
a: Renounce Religion


You were on level 8 of the Dungeon.
You worshipped Nemelex Xobeh.
Nemelex Xobeh was noncommittal.
You were not hungry.

You visited 2 branches of the dungeon, and saw 10 of its levels.
You also visited: Ossuary.

You collected 268 gold pieces.

Inventory:

Hand weapons
 k - a +3 flail of protection (weapon)
 q - a +3 short sword
Missiles
 V - 4 javelins (quivered)
Armour
 b - a +0 plate armour (worn)
 g - a +0 chain mail
 p - a steam dragon hide
 s - a +0 pair of boots (worn)
 w - a +0 scale mail
 M - a +0 buckler (worn)
 N - the +1 cloak "Noalut" {rF+ Int+5}
   (You found it on level 7 of the Dungeon)

   It affects your intelligence (+5).
   It protects you from fire.
 R - the +3 cloak of Hopscotch {+Fly rF- rCorr Str+8}
   (You found it on level 7 of the Dungeon)

   It affects your strength (+8).
   It makes you vulnerable to fire.
   It lets you fly.
   It protects you from acid and corrosion.
Magical staves
 T - an uncursed staff of wizardry
Jewellery
 P - an uncursed amulet of warding
 Z - an amulet of resist corrosion (around neck)
Magical devices
 c - a wand of flame (11)
 d - a wand of enslavement (11)
 e - a wand of random effects (14)
 E - a wand of fireball (6)
 J - a wand of slowing (33)
 L - a wand of random effects (27)
Scrolls
 h - 2 scrolls of teleportation
 i - 2 scrolls of enchant armour {unknown}
 j - a scroll of noise {unknown}
 m - 2 scrolls of enchant weapon
 t - a scroll of fear {unknown}
 v - 2 scrolls of fog {unknown}
 y - 2 scrolls of amnesia {unknown}
 z - 4 scrolls of identify {unknown}
 I - a scroll of remove curse {unknown}
 S - a scroll of blinking {unknown}
 Y - 2 scrolls of recharging {unknown}
Potions
 n - 2 potions of degeneration {unknown}
 o - 2 potions of lignification {unknown}
 r - 2 potions of resistance
 x - a potion of cure mutation {unknown}
 A - 2 potions of agility
 B - 3 potions of curing {unknown}
 C - 2 potions of flight
 D - 2 potions of cancellation {unknown}
 F - a potion of heal wounds
 G - a potion of poison {unknown}
 H - a potion of might {unknown}
 K - 2 potions of ambrosia {unknown}
 O - 2 potions of brilliance {unknown}
Books
 Q - a book of Conjurations

   Spells                             Type                      Level
   a - Magic Dart                     Conjuration                  1
   b - Searing Ray                    Conjuration                  2
   c - Dazzling Spray                 Conjuration/Hexes            3
   d - Fulminant Prism                Conjuration/Hexes            4
   e - Iskenderun's Mystic Blast      Conjuration                  4
   f - Iskenderun's Battlesphere      Conjuration/Charms           5
Comestibles
 f - 6 bread rations
 l - 4 chunks of flesh
 u - 2 meat rations
 U - a slice of pizza
 X - 3 fruits


   Skills:
 + Level 6.0 Fighting
 + Level 1.6 Short Blades
 + Level 6.0 Maces & Flails
 + Level 1.8 Throwing
 + Level 5.6 Armour
 - Level 4.0 Dodging
 - Level 1.1 Stealth
 + Level 2.8 Shields
 + Level 3.6 Evocations


You had 8 spell levels left.
You didn't know any spells.

Dungeon Overview and Level Annotations

Branches:
Dungeon (9/15)             Temple (1/1) D:7
   Lair: D:8-11         Orc: D:9-12

Altars:
Cheibriados
Elyvilon
Fedhas
Makhleb
Nemelex Xobeh
Okawaru
Qazlal
Ru
Xom
Yredelemnul
Zin

Annotations:
D:5 Urgaas's ghost, experienced TrBe
D:8 Erica


Innate Abilities, Weirdness & Mutations

You have very sharp fingernails.
You are partially covered in yellow scales (AC +2).


Message History

* * * LOW HITPOINT WARNING * * *
You bump into the rock wall.
Something hits you.
* * * LOW HITPOINT WARNING * * *
You bump into the rock wall.
You completely miss something.
You start to feel less resistant.
Something hits you but does no damage.
You miss something.
You feel less confused. Something hits you.
* * * LOW HITPOINT WARNING * * *
Something burns you.
* * * LOW HITPOINT WARNING * * *
You closely miss something.
Erica appears from thin air!
Reactivating autopickup.
Erica hits you with a scimitar of flaming.
* * * LOW HITPOINT WARNING * * *
Erica burns you.
You die...
Your body disappears without a glow.

#...#....##..###.##.##'###.
#...+..).)...'....'.<..#..
###+####+##..#....#....'.
##...##..##'###....#
+....##..##..##....#.#.
#....'....#............
#..≈≈≈≈≈..'.o.......P.P
##≈≈...≈≈###@###'##.._.
#≈.)...≈# #@# ..o.P.P
..≈.§§§.≈.....# .......
...≈...§.≈.....# .......
...#≈≈...≈≈.##..+ ......(
#####≈≈≈≈≈..##..# .......
###.........# ....... ...
#..# ..! #..#


You could see Erica and an orc warrior.

Vanquished Creatures
  A hungry ghost (D:7)
  A steam dragon (D:8)
  A water moccasin (D:8)
  An orc warrior (D:6)
  2 necrophages (D:8)
  2 phantoms
  The ghost of Uberwunderbarhen the Ducker, an average OpFi (D:3)
  3 ogres
  2 giant frogs
  An elf zombie (Ossuary)
  5 killer bees (D:8)
  2 crimson imps
  A quasit (D:7)
  4 giant frog zombies
  A jelly (D:8)
  A centaur zombie (Ossuary)
  3 human zombies (Ossuary)
  2 orc priests
  2 hounds (D:4)
  7 orc wizards
  2 worker ants
  A big kobold zombie (Ossuary)
  A hound zombie (D:6)
  2 mummies (Ossuary)
  13 adders
  A worker ant zombie (D:4)
  3 gnolls (D:3)
  2 shadow imps
  An adder zombie (Ossuary)
  An ooze (D:2)
  An adder skeleton (D:6)
  2 worms
  2 giant geckos
  28 orcs
  2 giant cockroaches
  8 goblins
  6 hobgoblins
  8 bats
  6 giant newts
  A goblin zombie (Ossuary)
  12 hobgoblin zombies (Ossuary)
  3 jackals
  A jackal skeleton (D:4)
  2 jackal zombies (Ossuary)
  6 kobolds
  6 kobold zombies (Ossuary)
  7 orc zombies (Ossuary)
  4 quokkas
  4 quokka skeletons
  6 rats
  2 rat zombies (Ossuary)
187 creatures vanquished.

Vanquished Creatures (others)
  An ogre (D:8)
  A worker ant (D:8)
  A quokka (D:7)
3 creatures vanquished.

Grand Total: 190 creatures vanquished

Notes
Turn   | Place    | Note
--------------------------------------------------------------
     0 | D:1      | lauthentik the Demonspawn Artificer began the quest for the Orb.
     0 | D:1      | Reached XP level 1. HP: 15/15 MP: 3/3
     0 | D:1      | Noticed a large abomination
     0 | D:1      | Noticed an orb of fire
     2 | D:1      | Noticed a large abomination
     4 | D:1      | Noticed a tentacled monstrosity
     6 | D:1      | Noticed an ice dragon
     7 | D:1      | Noticed a tentacled monstrosity
     8 | D:1      | Noticed an orb of fire
    10 | D:1      | Noticed a tentacled monstrosity
    12 | D:1      | Noticed a shadow dragon
    12 | D:1      | Noticed a shadow dragon
    14 | D:1      | Noticed a shadow dragon
    16 | D:1      | Noticed an ice dragon
    16 | D:1      | Noticed a shadow dragon
    18 | D:1      | Noticed an orb of fire
    18 | D:1      | Noticed a large abomination
   485 | D:1      | Gained mutation: You are partially covered in yellow scales (AC +2). [demonic ancestry]
   485 | D:1      | Reached XP level 2. HP: 9/21 MP: 4/4
  1475 | D:2      | Reached XP level 3. HP: 26/26 MP: 5/5
  1592 | D:2      | Reached skill level 1 in Short Blades
  1840 | D:2      | Found a blossoming altar of Fedhas.
  2137 | D:3      | Reached skill level 1 in Armour
  2137 | D:3      | Reached skill level 1 in Stealth
  2137 | D:3      | Reached XP level 4. HP: 17/32 MP: 6/6
  2300 | D:3      | Found an iron altar of Okawaru.
  2554 | D:3      | Noticed Uberwunderbarhen's ghost (average OpFi)
  2563 | D:3      | Killed Uberwunderbarhen's ghost
  2563 | D:3      | Reached skill level 1 in Maces & Flails
  2563 | D:3      | Reached skill level 1 in Throwing
  2563 | D:3      | Reached XP level 5. HP: 28/38 MP: 7/7
  3052 | D:4      | Noticed a phantom
  3112 | D:4      | Killed a phantom
  3112 | D:4      | Gained mutation: You have sharp fingernails. [demonic ancestry]
  3112 | D:4      | Reached XP level 6. HP: 31/44 MP: 8/8
  3736 | D:4      | Reached skill level 4 in Dodging
  3915 | D:4      | Gained mutation: You have very sharp fingernails. [demonic ancestry]
  3915 | D:4      | Reached XP level 7. HP: 49/51 MP: 9/9
  3952 | D:5      | Entered Level 5 of the Dungeon
  4376 | D:5      | Noticed Urgaas's ghost (experienced TrBe)
  4620 | D:6      | Found a sand-covered staircase.
  4627 | Ossuary  | Entered an ossuary
  4952 | Ossuary  | Reached XP level 8. HP: 54/60 MP: 10/10
  4983 | Ossuary  | Reached skill level 1 in Shields
  5292 | D:6      | Found a snail-covered altar of Cheibriados.
  5440 | D:6      | Found a burning altar of Makhleb.
  5445 | D:6      | Found a stormy altar of Qazlal.
  5451 | D:6      | Found a shimmering altar of Xom.
  5695 | D:7      | Got a steaming cloak
  5711 | D:7      | Identified the +1 cloak "Noalut" {rF+ Int+5} (You found it on level 7 of the Dungeon)
  6019 | D:7      | Got a transparent cloak
  6030 | D:7      | Identified the +3 cloak of Hopscotch {+Fly rF- rCorr Str+8} (You found it on level 7 of the Dungeon)
  6325 | D:7      | Reached skill level 5 in Fighting
  6326 | D:7      | Reached skill level 5 in Maces & Flails
  6372 | D:7      | Found a white marble altar of Elyvilon.
  6443 | D:7      | Found a staircase to the Ecumenical Temple.
  6589 | Temple   | Entered the Ecumenical Temple
  6627 | Temple   | Became a worshipper of Nemelex Xobeh the Trickster
  6694 | D:8      | Found a shimmering altar of Xom.
  6762 | D:8      | Reached XP level 9. HP: 30/69 MP: 11/11
  6786 | D:8      | Reached skill level 5 in Armour
  6799 | D:8      | Received a gift from Nemelex Xobeh
  6829 | D:8      | Found a basalt altar of Yredelemnul.
  7152 | D:8      | Reached skill level 6 in Fighting
  7170 | D:8      | Noticed Erica
  7194 | D:8      | HP: 1/69 [Erica/scimitar of flaming (4)]
  7194 | D:8      | Slain by Erica

Vault maps used:
D:1:      shiori_arrival_whats_in_store_for_you
D:2:      serial_glass, glass_columns_b, glass_columns_a, glass_columns_b,
          glass_columns_a, glass_columns_b, glass_columns_b, fedhas_altar_1
D:3:      okawaru_ov_weapons_minmay
D:4:      first_bread, minmay_misc_feat_roman
D:5:      minmay_splitting_lines, wad_floor_pattern_2
D:6:      minmay_overflow_temple_star_quad, nicolae_ossuary_entry_ruins,
          cheibrodos_worm_habitat
D:7:      elyvilon_altar_4, temple_doors_d, wad_rectangle_vault
D:8:      yredelemnul_altar_generic, led_sif_pool, xom_confusion_cloud,
          uniq_erica
D:9:      kennysheep_big_empty_room, grunt_livestock
Temple:   minmay_temple_forest_path_12
Ossuary:  ossuary_tomb_1

Action                   |  1- 3 |  4- 6 |  7- 9 || total
-------------------------+-------+-------+-------++-------
Melee: Short sword       |   120 |     9 |       ||   129
       Club              |    26 |       |       ||    26
       Flail             |       |   234 |   492 ||   726
Throw: Javelin           |     3 |    12 |    10 ||    25
Evoke: Wand              |       |     1 |     8 ||     9
       Deck              |       |       |     4 ||     4
  Use: Potion            |       |     2 |     8 ||    10
       Scroll            |       |       |     2 ||     2
 Stab: Sleeping          |     1 |       |       ||     1
  Eat: Chunk             |     4 |     6 |    10 ||    20
       Pizza             |       |       |     1 ||     1
       Beef jerky        |       |       |     2 ||     2
       Meat ration       |       |       |     1 ||     1
       Fruit             |       |       |     1 ||     1
